 Dungeon Crawl Stone Soup version 0.23-a0-151-gf6d1ed2 (webtiles) character file.

39 Amnesiac the Chiller (level 3, -1/24 HPs)
             Began as a Mummy Ice Elementalist on Sept 9, 2018.
             Slain by a mummy (17 damage)
             ... in an ossuary.
             The game lasted 00:02:14 (724 turns).

Amnesiac the Chiller (Mummy Ice Elementalist)        Turns: 724, Time: 00:02:14

Health: -1/24      AC:  5    Str: 14    XL:     3   Next: 26%
Magic:  7/7        EV: 10    Int: 15    God:
Gold:   37         SH:  0    Dex: 12    Spells: 7/8 levels left

rFire    . . .     SeeInvis .   k - +9 mace "Koateut" {pain, *Contam rF+ rN+ Str+3}
rCold    + . .     Gourm    .   (no shield)
rNeg     + + +     Faith    .   d - +0 ring mail
rPois    ∞         Spirit   .   (no helmet)
rElec    .         Reflect  .   (no cloak)
rCorr    .         Harm     .   (no gloves)
MR       .....                  (no boots)
Stlth    +.........             (no amulet)
HPRegen  0.08/turn              (no ring)
MPRegen  0.10/turn              (no ring)

@: no status effects
A: no food or potions, fire vulnerability, cold resistance 1, negative energy
resistance 3, torment resistance, unbreathing
a: no special abilities


You were in an ossuary.
You were not hungry.

You visited 1 branch of the dungeon, and saw 4 of its levels.
You also visited: Ossuary.

You collected 37 gold pieces.

Inventory:

Hand Weapons
 f - a +0 rapier
 k - the +9 mace "Koateut" (weapon) {pain, *Contam rF+ rN+ Str+3}
   (You found it in an ossuary)

   In the hands of one skilled in necromantic magic, it inflicts extra damage on
   living creatures.
   It affects your strength (+3).
   It protects you from fire.
   It protects you from negative energy.
   It causes magical contamination when unequipped.
Armour
 a - a +0 robe
 d - a +0 ring mail (worn)
Scrolls
 b - a scroll of immolation {!r, unknown}
 c - a scroll of fog {!r, unknown}
 e - 2 scrolls of remove curse {!r}
 g - a scroll of magic mapping {!r, unknown}
 h - a scroll of identify {!r, unknown}
 i - a scroll of amnesia {!r, unknown}


   Skills:
 - Level 1.5 Dodging
 - Level 1.5 Stealth
 + Level 3.2 Spellcasting
   Level 0.7 Conjurations
 * Level 3.3 Ice Magic


You had 7 spell levels left.
You knew the following spells:

 Your Spells              Type           Power        Failure   Level  Hunger
a - Freeze                Ice            ##..         10%         1    N/A

Your spell library contained the following spells:

 Spells                   Type           Power        Failure   Level  Hunger
 Throw Frost              Conj/Ice       #.....       26%         2    N/A
 Ozocubu's Armour         Chrm/Ice       #.......     52%         3    N/A
 Throw Icicle             Conj/Ice       #.......     86%         4    N/A
 Summon Ice Beast         Ice/Summ       #.......     89%         4    N/A

Dungeon Overview and Level Annotations

Branches:
Dungeon (4/15)
 Temple: D:4-7

Altars:
Gozag


Innate Abilities, Weirdness & Mutations

You do not eat or drink.
Your flesh is vulnerable to fire.
You are immune to poison.
Your flesh is cold resistant. (rC+)
You are immune to negative energy. (rN+++)
You are immune to unholy pain and torment.
You can survive without breathing.


Message History

You have reached level 3!
Your experience leads to an increase in your attributes!
Your base attributes are Str 11, Int 14, Dex 12.
Increase (S)trength, (I)ntelligence, or (D)exterity?
You feel clever.
Your surroundings suddenly seem different.
You start resting.
An arrow misses the adder zombie!
A poisoned needle hits the adder zombie!
You see here a coppery potion {!q}.
You open the door.
There is an open door here.
You swing at nothing.
You swing at nothing.
The adder zombie bites you but does no damage.
You thump the adder zombie!
The adder zombie is severely damaged.
The adder zombie barely misses you. The adder zombie bites you.
* * * LOW HITPOINT WARNING * * *
You barely miss the adder zombie.
The adder zombie is severely damaged.
The adder zombie bites you.
* * * LOW HITPOINT WARNING * * *
You see here a coppery potion {!q}.
You sock the adder zombie!
You destroy the adder zombie!
You sock the gnoll zombie!
The gnoll zombie is almost destroyed.
The gnoll zombie closely misses you.
You sock the gnoll zombie!
You destroy the gnoll zombie!
You close the door.
You see here a bubbling amethyst potion {!q}.
You start resting.
A poisoned needle hits the hound zombie!
You start resting.
A poisoned needle hits the big kobold zombie!
You start resting.
An arrow hits the big kobold zombie!
You start resting.
An arrow hits the big kobold zombie!
An arrow misses the big kobold zombie!
You see here a coppery potion {!q}.
You start resting.
An arrow hits the adder zombie!
You start resting.
The mummy is too close now for your liking.
A mummy is nearby!
A mummy is nearby!
A mummy is nearby!
You hear a soft click.
A mummy opens the door.
An arrow hits the elf zombie, but does no damage!
The adder zombie bites you.
You see here a grey potion {!q}.
You barely miss the adder zombie.
The adder zombie is heavily damaged.
An arrow hits the big kobold zombie!
You completely miss the mummy.
An arrow hits the elf zombie!
You hit the mummy.
The mummy is moderately damaged.
The mummy hits you!
Ouch! That really hurt!
You die...

#################
.∩..........^#!!# .
...........Z#@!#
.#####........Z##M#
..............Z.ZZ#
..................#
.....Z.....##.....#
...........##.....#
..................#
...............#..#
..............##..#


You could see a mummy, an adder zombie, a hound zombie, 2 big kobold zombies and
an elf zombie.

Vanquished Creatures
  A mummy (Ossuary)
  2 oozes
  An adder zombie (Ossuary)
  A giant cockroach (D:2)
  2 goblins
  5 kobolds
  A bat (D:1)
  A frilled lizard (D:4)
  A gnoll zombie (Ossuary)
  A jackal zombie (Ossuary)
16 creatures vanquished.

Vanquished Creatures (others)
  A hobgoblin zombie (Ossuary)
  2 jackal zombies (Ossuary)
3 creatures vanquished.

Grand Total: 19 creatures vanquished

Notes
Turn   | Place    | Note
-------+----------+-------------------------------------------
     0 | D:1      | Amnesiac the Mummy Ice Elementalist began the quest for the
                  | Orb.
     0 | D:1      | Reached XP level 1. HP: 13/13 MP: 4/4
   150 | D:2      | Reached XP level 2. HP: 17/19 MP: 2/5
   413 | D:4      | Found a sand-covered staircase.
   427 | D:4      | Found an opulent altar of Gozag.
   448 | Ossuary  | Entered an ossuary
   479 | Ossuary  | Got a crude mace
   480 | Ossuary  | Identified the +9 mace "Koateut" {pain, *Contam rF+ rN+
                  | Str+3} (You found it in an ossuary)
   487 | Ossuary  | Reached XP level 3. HP: 6/24 MP: 7/7
   724 | Ossuary  | Slain by a mummy

Vault maps used:
D:1:      dpeg_arrival_more_subterranean_lakeside_camping
D:2:      minmay_tetromino_i2, uniq_jessica
D:3:      lemuel_round_altar, uniq_terence
D:4:      nicolae_overflow_crystal_walls, kiku_gazebo_garden_becter,
          lightli_ossuary_entry_decrepit_ruins
Ossuary:  ossuary_minmay_tomb_2a

Skill      XL: |  1  2 |
---------------+-------+-----
Ice Magic      | 3 |  3.3
Spellcasting   | 3 |  3.2
Dodging        | |  1.5
Stealth        | |  1.5
Conjurations   | |  0.7

Action                   || total
-------------------------++-------
Melee: Unarmed           ||     1
       Mace              ||    14
       Rapier            ||     6
 Cast: Freeze            ||    18
  Use: Scroll            ||     2
Armor: Robe              ||     1
       Ring mail         ||    18
Dodge: Dodged            ||    18

Table legend:
 A = Non-vault XP
 B = Vault XP
 C = Vault XP percentage of total XP
 D = Non-vault monster count
 E = Vault monster count
 F = Vault count percentage of total count
                 A         B        C        D         E       F
            +---------+---------+-------+---------+---------+-------
      Total |      21 |      35 |  62.5 |      10 |       6 |  37.5
            +---------+---------+-------+---------+---------+-------
        D:1 |       3 |       0 |   0.0 |       2 |       0 |   0.0
        D:2 |       4 |       9 |  69.2 |       2 |       2 |  50.0
        D:3 |       6 |       0 |   0.0 |       4 |       0 |   0.0
        D:4 |       8 |       0 |   0.0 |       2 |       0 |   0.0
    Ossuary |       0 |      26 | 100.0 |       0 |       4 | 100.0
            +---------+---------+-------+---------+---------+-------
